 Dungeon Crawl Stone Soup version 0.17-a0-1650-gce8475a (webtiles) character file.

181 Gorice the Skirmisher (level 5, -5/52 HPs)
             Began as a Deep Dwarf Wanderer on Aug 13, 2015.
             Slain by a gnoll
             ... wielding a +1 spear of chaos
              (15 damage)
             ... on level 3 of the Dungeon.
             The game lasted 00:25:25 (3175 turns).

Gorice the Skirmisher (Deep Dwarf Wanderer)         Turns: 3175, Time: 00:25:27

Health: -5/52      AC: 10    Str: 13    XL:     5   Next: 34%
Magic:  6/6        EV: 14    Int: 17    God:
Gold:   170        SH:  0    Dex: 11    Spells: 0 memorised, 6 levels left

rFire  . . .     SeeInvis .     a - +0 short sword
rCold  + . .     Clarity  .     x - +2 ring mail {rC+}
rNeg   + . .     SustAt   .     (no shield)
rPois  .         Gourm    .     y - +2 helmet
rElec  .         Spirit   .     (no cloak)
rCorr  .         Warding  .     (no gloves)
rMut   .         Stasis   .     (no boots)
MR     .....                    (no amulet)
Stlth  +.........               n - ring of positive energy
                                k - +4 ring of evasion

@: very slightly contaminated, non-regenerating, hasted, drained, invisible
(expiring), very quick, not resistant to hostile enchantments, very unstealthy
A: damage resistance, recharge devices, sense surroundings 1, slow healing 3
a: Device Recharging


You were on level 3 of the Dungeon.
You were not hungry.

You visited 1 branch of the dungeon, and saw 3 of its levels.

You collected 170 gold pieces.

Inventory:

Hand weapons
 a - a +0 short sword (weapon)
 h - a +0 mace
 m - a +0 spear
 s - a +0 mace
 v - a +1 dagger of chaos
   (You took it off a gnoll on level 3 of the Dungeon)
 D - a +0 dagger of chaos
   (You took it off a gnoll on level 3 of the Dungeon)
Missiles
 r - 20 poisoned needles
 A - 18 sling bullets
 Z - 101 stones (quivered)
Armour
 d - a +0 robe
 l - a +0 ring mail
 u - a +0 scale mail
 w - a +0 hat
 x - a +2 ring mail of cold resistance (worn)
   (You found it on level 2 of the Dungeon)
 y - a +2 helmet (worn)
Jewellery
 k - a +4 ring of evasion (left hand)
 n - a ring of positive energy (right hand)
Magical devices
 e - a wand of heal wounds (3) {!d}
Scrolls
 j - a scroll of random uselessness {unknown}
 q - 2 scrolls of remove curse
 t - a scroll of identify
Potions
 b - a potion of haste {!q}
 i - 3 potions of heal wounds {!q}
 o - a potion of curing
 p - a potion of degeneration {unknown}
 z - a potion of magic {unknown}
 C - 3 potions of lignification {unknown}
Books
 B - a book of Battle
Comestibles
 c - 9 chunks of flesh
 f - 2 bread rations {!e}
 g - 2 meat rations {!e}
 E - a slice of pizza


   Skills:
 * Level 5.1 Fighting
 - Level 1.0(0.9) Throwing
 - Level 1.1(1.0) Dodging
 - Level 1.7 Unarmed Combat
 - Level 1.0(0.9) Spellcasting
   Level 1.7 Fire Magic
 - Level 1.3 Evocations


You had 6 spell levels left.
You didn't know any spells.

Dungeon Overview and Level Annotations

Branches:
Dungeon (3/15)

Altars:
Ashenzari
Cheibriados

Annotations:
D:3 WhatIsLove's ghost, average HOGl


Innate Abilities, Weirdness & Mutations

You are resistant to damage.
You can recharge devices by infusing magical energy.
You passively map a small area around you.
You do not heal naturally.


Message History

Unknown command.
Unknown command.
You barely miss the gnoll.
The gnoll is severely wounded.
The gnoll closely misses you.
Unknown command.
You barely miss the gnoll.
The gnoll is severely wounded.
Unknown command.
You hit the gnoll but do no damage.
The gnoll is severely wounded.
The gnoll barely misses you.
Unknown command.
You closely miss the gnoll.
The gnoll is severely wounded.
The gnoll closely misses you.
You hit the gnoll but do no damage.
The gnoll is severely wounded.
The gnoll hits you with a spear of chaos.
You are electrocuted!
* * * LOW HITPOINT WARNING * * *
Damage: 20 (max 20)
You are too injured to fight recklessly!
Unknown command.
You are too injured to fight recklessly!
Unknown command.
You are too injured to fight recklessly!
You are too injured to fight recklessly!
You are too injured to fight recklessly!
Unknown command.
You are too injured to fight recklessly!
You are too injured to fight recklessly!
You are too injured to fight recklessly!
You are too injured to fight recklessly!
You barely miss the gnoll.
The gnoll is severely wounded.
You barely miss the gnoll.
The gnoll is severely wounded.
The gnoll barely misses you.
You miss the gnoll.
The gnoll is severely wounded.
The gnoll hits you but does no damage.
You catch the helpless gnoll completely off-guard!
You hit the gnoll but do no damage.
The gnoll is severely wounded.
You flicker for a moment.
The gnoll hits you with a spear of chaos.
* * * LOW HITPOINT WARNING * * *
You are electrocuted!
You die...

#............... * #....#.
#.....(..####...#.#########....#.
#........# #...#.#..............
#.###########...#.#.###########..
#.* ..)....#.#.# ,, ....... #.
.......#.#.# ######..... ..,
.....(.#.#.# #..#.#..... ,
......g#.#.#. ...#.....
.......@...#.##.#.#.)...
...........#.#..........
...........#.####.#.#... *,
....#.#....#......#..... ...
#.#........######.#. ..
#.#........o..o.....
#####.#........######... ,
...................#### , ,
.......................


You could see a gnoll.

Vanquished Creatures
  Jessica (D:2)
  6 gnolls
  3 adders
  A worm (D:1)
  3 orcs (D:2)
  2 giant cockroaches (D:2)
  10 goblins
  5 hobgoblins
  8 kobolds
  2 quokkas (D:2)
  2 ball pythons
  6 bats
  6 giant newts
  10 jackals
  5 rats
70 creatures vanquished.

Notes
Turn   | Place    | Note
--------------------------------------------------------------
     0 | D:1      | Gorice the Deep Dwarf Wanderer began the quest for the Orb.
     0 | D:1      | Gorice set off with: 2 potions of haste {!q}, a +0 short sword, a scroll of teleportation {!r}, a +0 robe, a wand of heal wounds (5) {!d}, a bread ration {!e}
     0 | D:1      | Reached XP level 1. HP: 19/19 MP: 2/2
   135 | D:1      | Reached skill level 2 in Fighting
   144 | D:1      | HP: 5/19 [kobold/short sword (7)]
   146 | D:1      | HP: 2/19 [kobold/short sword (3)]
   265 | D:1      | Reached XP level 2. HP: 25/27 MP: 3/3
   658 | D:1      | Reached skill level 3 in Fighting
   709 | D:2      | Reached XP level 3. HP: 27/34 MP: 4/4
   979 | D:2      | Found a shattered altar of Ashenzari.
  1461 | D:2      | Reached XP level 4. HP: 14/44 MP: 5/5
  1599 | D:1      | Reached skill level 4 in Fighting
  1600 | D:1      | HP: 10/44 [worm (4)]
  1624 | D:1      | HP: 9/44 [jackal (1)]
  1630 | D:1      | HP: 8/44 [jackal (1)]
  1987 | D:3      | Found a snail-covered altar of Cheibriados.
  2218 | D:3      | Paralysed by a gnoll for 7 turns
  2222 | D:3      | HP: 12/44 [gnoll/spear of chaos (7)]
  2225 | D:3      | HP: 3/44 [gnoll/spear of chaos (6)]
  2263 | D:3      | Noticed WhatIsLove's ghost (average HOGl)
  2469 | D:3      | Paralysed by a gnoll for 7 turns
  2848 | D:3      | Noticed Jessica
  2862 | D:3      | HP: 7/45 [Jessica/nerve-wracking pain (10)]
  2867 | D:2      | Killed Jessica
  2867 | D:2      | Reached XP level 5. HP: 24/51 MP: 6/6
  2923 | D:3      | Paralysed by a gnoll for 4 turns
  2935 | D:2      | Reached skill level 5 in Fighting
  2984 | D:2      | HP: 15/52 [goblin (1)]
  3005 | D:3      | HP: 12/52 [gnoll/dagger of chaos (4)]
  3171 | D:3      | HP: 12/52 [gnoll/spear of chaos (16)]
  3175 | D:3      | Slain by a gnoll

Vault maps used:
D:1:      minmay_arrival_wavy_path, minmay_misc_feat_nine_boxes,
          kennysheep_nondescript, minmay_close_crescents
D:2:      lemuel_doored_altar
D:3:      tgw_xom, cheibriados_altar_1, uniq_jessica

Action                   |  1- 3 |  4- 6 || total
-------------------------+-------+-------++-------
Melee: Short sword       |   123 |   228 ||   351
       Spear             |       |    44 ||    44
Throw: Stone             |    78 |    52 ||   130
       Throwing net      |       |     1 ||     1
Evoke: Wand              |     1 |     5 ||     6
  Use: Scroll            |     1 |     4 ||     5
       Potion            |       |     1 ||     1
 Stab: Invisible         |       |     1 ||     1
  Eat: Chunk             |     2 |     6 ||     8

Table legend:
 A = Turns spent in this place as a percentage of turns spent in the entire game.
 B = Non-inter-level travel turns spent in this place as a percentage of non-inter-level travel turns spent in the entire game.
 C = Inter-level travel turns spent in this place as a percentage of turns spent in this place.
 D = Turns resting spent in this place as a percentage of non-inter-level travel turns spent in this place.
 E = Turns spent auto-exploring this place as a percentage of non-inter-level travel turns spent in this place.
 F = Non-inter-level travel turns spent in this place divided by the number of levels of this place that you've seen.
                   A       B       C       D       E      F
               +-------+-------+-------+-------+-------+----------------------
         Total | 100.0 | 100.0 |   0.8 |   0.4 |   2.1 | 652.3
       Dungeon | 100.0 | 100.0 |   0.8 |   0.4 |   2.1 | 652.3
               +-------+-------+-------+-------+-------+----------------------

Vault maps used:
D:1:      minmay_arrival_wavy_path, minmay_misc_feat_nine_boxes,
          kennysheep_nondescript, minmay_close_crescents
D:2:      lemuel_doored_altar
D:3:      tgw_xom, cheibriados_altar_1, uniq_jessica
